 Dungeon Crawl Stone Soup version 0.32-a0-314-g526f7d4993 (webtiles) character file.

Game seed: 7990270455244874005

190913 ragingrage the Thaumaturge (level 18, 0/139 HPs)
             Began as a Djinni Artificer on Feb 15, 2024.
             Was a Priest of Ashenzari.
             Slain by a bunyip (6 damage)
             ... on level 1 of the Swamp.
             The game lasted 01:06:48 (37769 turns).

ragingrage the Thaumaturge (Djinni Artificer)      Turns: 37769, Time: 01:06:48

Health: 0/139      AC: 47    Str: 17    XL:     18   Next: 85%
Gold:   1073       EV: 10    Int: 29    God:    Ashenzari [***...] SH:  5 Dex: 15

rFire   + + .        a - +0 rapier (drain)
rCold   + . .        (no shield)
rNeg    . . .        k - +10 plate armour of Eghumypn {rC++ Int+4}
rPois   ∞            V - +2 helmet "Jealousy of Ashenzari" {Melee, Fort} (curse)
rElec   .            o - +4 cloak of the Curupira {Int+5}
rCorr   .            M - +2 pair of gloves of Ashenzari's Insecurity {Self, Cun} (curse)
SInv    +            (boots unavailable)
Will    +....        C - amulet "Share My Restlessness" {Reflect SH+5, Melee, Bglg} (curse) Stlth
                     G - ring "Lashed Frustration" {Str+6, Dev, Self} (curse)
HPRegen 0.43/turn    P - ring of the Tortoise {AC+8}
MPRegen 0.00/turn

%: reflection, clarity, infuse magic (-1 HP)
@: flying
A: sickness immunity, fire resistance 2, cold vulnerability 1, float, innate
caster, HP casting, extra vitality 1
}: 1/15 runes: serpentine
a: Renounce Religion, Curse Item, Shatter the Chains


You were on level 1 of the Swamp.
You worshipped Ashenzari.
Ashenzari was most pleased with you.
You visited 5 branches of the dungeon, and saw 27 of its levels.
You visited 1 bazaar.
You also visited: Bailey.

You collected 3068 gold pieces.
You spent 1995 gold pieces at shops.

Inventory:

Hand Weapons
 a - a +0 rapier of draining (weapon)
 b - a +0 arbalest of draining
 T - the +2 trident of Waommeus {flame, rC+ Str+3}
   (You found it on level 5 of the Lair of Beasts)

   Str+3:     It affects your strength (+3).
   rC+:       It protects you from cold.
 X - a +3 longbow of flaming
Missiles
 L - a throwing net
Armour
 k - the +10 plate armour of Eghumypn (worn) {rC++ Int+4}
   (You bought it in a shop in a bazaar)

   Int+4:     It affects your intelligence (+4).
   rC++:      It greatly protects you from cold.
 o - the +4 cloak of the Curupira (worn) {Int+5}
   (You found it on level 8 of the Dungeon)

   Int+5:     It affects your intelligence (+5).
 v - a +1 tower shield of protection
 H - the +3 leather armour of Larediro {Str+4 Dex+3 Slay+3}
   (You bought it in a shop in a bazaar)

   Str+4:     It affects your strength (+4).
   Dex+3:     It affects your dexterity (+3).
   Slay+3:    It affects your accuracy & damage with ranged weapons and melee
   (+3).
 M - the cursed +2 pair of gloves of Ashenzari's Insecurity (worn) {Self, Cun}
   (You found it on level 2 of the Lair of Beasts)

   It has a curse which improves the following skills: Introspection: Fighting
   and Spellcasting.
   Cunning:   Dodging and Stealth.
 Q - the +1 pair of gloves "Hepheew" {rElec Regen+ Int+2}
   (You found it on level 12 of the Dungeon)

   Int+2:     It affects your intelligence (+2).
   rElec:     It insulates you from electricity.
   Regen+:    It increases your rate of health regeneration.
 V - the cursed +2 helmet "Jealousy of Ashenzari" (worn) {Melee, Fort}
   (You bought it in a shop on level 2 of the Orcish Mines)

   It has a curse which improves the following skills: Melee Combat: Short
   Blades, Long Blades, Axes, Maces & Flails, Polearms, Staves and Unarmed
   Combat.
   Fortitude: Armour and Shields.
Jewellery
 C - the cursed amulet "Share My Restlessness" (around neck) {Reflect SH+5, Melee, Bglg}
   (You found it on level 6 of the Dungeon)

   [amulet of reflection]

   Reflect:   It reflects blocked missile attacks.
   SH+5:      It affects your SH (+5).
   It has a curse which improves the following skills: Melee Combat: Short
   Blades, Long Blades, Axes, Maces & Flails, Polearms, Staves and Unarmed
   Combat.
   Beguiling: Hexes and Translocations.
 G - the cursed ring "Lashed Frustration" (left hand) {Str+6, Dev, Self}
   (You found it on level 9 of the Dungeon)

   [ring of strength]

   Str+6:     It affects your strength (+6).
   It has a curse which improves the following skills: Devices: Evocations and
   Shapeshifting.
   Introspection: Fighting and Spellcasting.
 P - the ring of the Tortoise (right hand) {AC+8}
   (You found it on level 4 of the Lair of Beasts)

   [ring of protection]

   AC+8:      It affects your AC (+8).
 W - a +4 ring of protection
Wands
 d - a wand of paralysis (6)
 e - a wand of iceblast (18)
 s - a wand of polymorph (9)
 y - a wand of flame (47)
 I - a wand of mindburst (6)
 J - a wand of light (6)
Scrolls
 f - 6 scrolls of noise
 i - 2 scrolls of enchant armour
 j - 2 scrolls of revelation
 m - 5 scrolls of blinking
 n - a scroll of butterflies
 r - 3 scrolls of enchant weapon
 t - 3 scrolls of fear
 z - 3 scrolls of fog
 A - a scroll of brand weapon
 D - 3 scrolls of teleportation
 S - a scroll of immolation
 Y - 3 scrolls of poison
 Z - 2 scrolls of silence
Potions
 c - 2 potions of enlightenment
 h - 2 potions of ambrosia
 l - 4 potions of haste
 p - 8 potions of curing
 u - 4 potions of mutation
 w - a potion of berserk rage
 B - a potion of resistance
 E - 3 potions of lignification
 K - 2 potions of invisibility
 N - 2 potions of brilliance
 O - 2 potions of cancellation
 R - 6 potions of heal wounds
Miscellaneous
 g - a lightning rod (4/4)
 q - a sack of spiders (inert)
 x - a phial of floods
 F - a condenser vane (inert)
 U - a phantom mirror


   Skills:
 + Level 13.7(15.9) Fighting
 - Level 12.5(14.9) Short Blades
 - Level 3.7(10.0) Long Blades
 - Level 12.5(14.0) Armour
 - Level 9.5(11.0) Dodging
 - Level 4.0(5.3) Stealth
 + Level 14.0(16.2) Spellcasting
 + Level 14.0 Conjurations
 + Level 14.0(15.4) Hexes
   Level 0.0 Charms
 + Level 14.0 Summonings
 + Level 14.0 Necromancy
 + Level 14.0(15.4) Translocations
   Level 0.0 Transmutations
 + Level 14.0 Fire Magic
 + Level 14.0 Ice Magic
 + Level 14.0 Air Magic
 + Level 14.0 Earth Magic
 + Level 14.0 Alchemy
 - Level 12.5(14.0) Evocations


You knew the following spells:

 Your Spells              Type           Power      Damage    Failure   Level
a - Ensorcelled Hibernat  Hex/Ice        100%       N/A       1%          2
b - Sting                 Conj/Alch      100%       1d9       1%          1
c - Call Canine Familiar  Summ           81%        N/A       1%          3
d - Cause Fear            Hex            42%        N/A       1%          4
e - Dispel Undead         Necr           81%        3d26      1%          4
f - Summon Mana Viper     Hex/Summ       83%        N/A       2%          5
g - Dispersal             Tloc           42%        N/A       10%         6
h - Eringya's Noxious Bo  Alch           40%        4d6       17%         6
Your spell library was empty.

Dungeon Overview and Level Annotations

Branches:
Dungeon (15/15)            Temple (0/1) D:4            Lair (5/5) D:8
  Swamp (1/4) Lair:2        Snake (4/4) Lair:3        Slime (0/5) Lair:5
    Orc (2/2) D:9             Elf (0/3) Orc:2        Vaults (0/5) D:13
 Depths (0/4) D:15         Bailey (visited)

Altars:
Ashenzari
Cheibriados
Gozag
Okawaru
Trog
The Shining One
Beogh
Jiyva

Shops:
D:1 (   D:10 [   D:12 (   Orc:2 [*:(   Snake:1 =:=   Snake:2 **(   Snake:4 *

Portals:
Trove: D:10 (give 2 scrolls of acquirement)

Annotations:
Lair:3 exclusion: 2 downstairs
Snake:2 exclusion: downstairs
Snake:3 2 transporters, Vuushr Kima's ghost, adept DsNe
Snake:4 3 runed translucent doors, exclusion: obsidian statue, Vuushr Kima's ghost, adept DsNe


Innate Abilities, Weirdness & Mutations

You are immune to sickness and miasma.
You are immune to poison.
Your flesh is very heat resistant. (rF++)
You are vulnerable to cold. (rC-)
You float through the air rather than walking.
You learn spells naturally, not from books.
Your magical power is your life essence.
You have superior vitality. (+4 MHP)


Message History

You barely miss the alligator.
The alligator tail-slaps you but does no damage.
The alligator bites you but does no damage.
You hit the alligator. You barely miss the alligator.
The alligator barely misses you. The alligator closely misses you.
You hit the alligator. You puncture the alligator!
The alligator tail-slaps you but does no damage.
You block the alligator's attack.
You puncture the alligator!
You kill the alligator!
The bunyip gives a hideous shriek!
Aiming: Polymorph
Press: ? - help, Shift-Dir - straight line, f - bunyip
Aim: a bunyip (will become a torpor snail, a broodmother, or an ice dragon, chance to affect: 44%)
Okay, then.
Okay, then.
Aiming: Bolt of Light
Press: ? - help, Shift-Dir - straight line, f - bunyip
Aim: a bunyip (76% to hit)
The bolt of light hits the bunyip!!
The bunyip is blinded.
You barely miss the bunyip. The bunyip completely misses you.
The bunyip claws you but does no damage. x2
You barely miss the bunyip.
Casting: Ensorcelled Hibernation (safe; 1% risk of failure)
A mana viper appears with a sibilant hiss.
* * * LOW HITPOINT WARNING * * *
You hit the bunyip but do no damage.
You strike the helpless bunyip from behind!
You impale the bunyip!!
Your mana viper closely misses the bunyip.
You catch the helpless bunyip completely off-guard!
You puncture the bunyip! You drain the bunyip.
Your mana viper bites the bunyip.
The bunyip claws you!
* * * LOW HITPOINT WARNING * * *
The bunyip claws you.
* * * LOW HITPOINT WARNING * * *
The bunyip claws you.
You die...

♣♣♣♣
♣~~.♣♣♣.[≈≈≈≈≈≈≈..♣
♣.~~.♣♣♣~~~~≈~~~.♣♣
♣~....~♣♣.....~.~~♣
♣.......♣~..§..~~♣.♣
♣~♣~...~~♣.....~...~
~.~..♣
♣...>.♣♣♣♣~....♣~♣
..~.~♣
♣....~♣♣♣♣♣~~~.♣♣
#..~.~♣
♣..♣♣♣~~♣♣.~~~..♣
#)D$~~♣♣
♣♣x@.~~~..♣.§
#..~~~~. ♣S.~~.$~♣♣
..w..... ♣~....♣~~♣
#..~.♣ ♣...~§§...~♣
y(~~.♣
~~~~..~~....♣♣
y.~.♣♣
~~~~~§~~~.♣♣♣♣
♣♣♣♣.~~♣ .~~~~~~....
♣ ~.♣ ...........~ ♣
.~~~.[♣♣~~~~♣


You could see a bunyip (blind, unable to see you, drained, ally target) and a
friendly mana viper (summoned).

Vanquished Creatures
  Kirke (D:12)
  3 nagarajas (Snake:4)
  An orc warlord (Orc:2)
  An ironbound preserver (D:13)
  A stone giant (D:12)
  Nessos (D:14)
  A minotaur (D:11)
  2 quicksilver dragon zombies (D:15)
  An entropy weaver (D:13)
  A hydra (D:13)
  A ghost crab (Lair:2)
  A salamander tyrant (Snake:4)
  The ghost of Rudyous the Toxicologist, a journeyman DsAl of Cheibriados (D:9)
  An alligator (Swamp:1)
  5 centaur warriors
  Erica (D:8)
  4 death yaks
  4 two-headed ogres
  16 naga warriors
  A tengu warrior (D:12)
  5 shock serpents
  An orc high priest (Orc:2)
  4 naga sharpshooters
  3 skysharks
  4 salamander mystics
  3 skeletal warriors (D:15)
  3 mana vipers
  A naga ritualist (Snake:4)
  A sea snake (Lair:5)
  4 orc knights
  A deep elf pyromancer (D:14)
  An orc sorcerer (Orc:2)
  14 salamanders
  2 moths of wrath (D:12)
  A will-o-the-wisp (Swamp:1)
  2 ugly things
  22 elephants
  2 guardian serpents
  3 cyclopes
  3 manticores
  9 naga magi
  12 black mambas
  A torpor snail (Lair:5)
  A kobold demonologist (D:12)
  8 cane toads
  A freezing wraith (D:15)
  3 yaktaurs (D:15)
  A rime drake (Lair:3)
  A tengu conjurer (D:13)
  5 komodo dragons
  6 trolls
  A hornet (Lair:5)
  9 blink frogs
  4 slime creatures
  A dream sheep (Lair:5)
  A centaur simulacrum (D:14)
  Sigmund (D:3)
  2 wraiths
  42 yaks
  3 basilisks
  5 wyverns
  2 hogs (D:12)
  A warg (Orc:1)
  A steam dragon (D:7)
  4 vampire mosquitoes (D:12)
  A redback simulacrum (D:15)
  2 swamp worms (Swamp:1)
  19 nagas
  10 water moccasins
  16 orc warriors
  A black bear (D:7)
  A sky beast (D:7)
  2 ogres
  5 wolves
  9 centaurs
  9 bullfrogs
  A kobold brigand (D:9)
  2 scorpions
  6 killer bees (D:8)
  A nameless horror (Snake:2)
  3 electric eels (D:9)
  2 vampire bats (Bailey)
  3 wolf zombies (Bailey)
  2 howler monkeys
  2 bombardier beetles
  5 hounds
  4 jellies
  3 orc priests
  3 gnoll boudas
  An iguana (D:5)
  8 orc wizards
  A hell rat (Lair:5)
  9 gnolls
  8 adders
  2 shadow imps (D:6)
  3 ribbon worms
  5 dart slugs
  34 orcs
  10 bats
  8 endoplasms
  4 giant cockroaches
  8 goblins
  6 hobgoblins
  5 quokkas
  10 ball pythons
  7 frilled lizards
  12 kobolds
  15 orc zombies (Bailey)
  6 rats
527 creatures vanquished.

Vanquished Creatures (collateral kills)
  Frances (Snake:1)
  The ghost of Sobieck the Scorcher, a journeyman OnFE of Vehumet (D:12)
  The ghost of zewo the Fighter, a journeyman MDFi of Okawaru (D:11)
  A salamander tyrant (Snake:4)
  Erolcha (D:11)
  A centaur warrior (D:12)
  A death knight (D:15)
  2 anacondas (Snake:4)
  A two-headed ogre (D:11)
  A boulder beetle (D:14)
  11 naga warriors
  A merfolk avatar (Lair:5)
  3 death yaks
  A vampire mage (D:15)
  2 orc high priests (Orc:2)
  2 shock serpents
  10 naga sharpshooters
  4 skysharks
  5 skeletal warriors (D:15)
  Amaemon (Lair:2)
  A goliath frog (Swamp:1)
  2 mana vipers
  2 salamander mystics
  A deep elf pyromancer (D:12)
  A necromancer (D:15)
  2 orc knights (Orc:2)
  10 salamanders
  8 ugly things
  A manticore (Lair:5)
  A cyclops (D:15)
  A will-o-the-wisp (Swamp:1)
  14 black mambas
  20 elephants
  A torpor snail (Lair:5)
  14 naga magi
  4 cane toads
  An orange demon (Lair:2)
  A guardian serpent (Snake:1)
  The ghost of Splishie the Skirmisher, a novice GnWn of Beogh (D:4)
  A gargoyle (D:14)
  3 komodo dragons
  A rime drake (Lair:2)
  2 yaktaurs (D:15)
  2 freezing wraiths (D:15)
  A tyrant leech (Swamp:1)
  3 trolls
  A hornet (Lair:5)
  8 blink frogs
  9 dream sheep
  7 slime creatures
  2 wyverns
  19 yaks
  4 basilisks
  3 hogs
  A warg (Orc:1)
  2 wraiths
  4 vampire mosquitoes
  36 nagas
  A swamp worm (Swamp:1)
  4 acid dragons
  5 water moccasins
  17 orc warriors
  3 ogres
  14 wolves
  3 centaurs (D:13)
  A phantom (D:6)
  A spectral water moccasin (Lair:2)
  A brain worm (Lair:2)
  2 scorpions
  3 bullfrogs
  3 vampire bats (Bailey)
  A howler monkey (D:6)
  A sleepcap (D:6)
  8 orc priests
  2 iguanas (D:7)
  9 orc wizards
  5 hell rats (Lair:5)
  3 gnolls
  2 white imps
  22 orcs
  2 orc zombies (Bailey)
359 creatures vanquished.

Vanquished Creatures (others)
  An anaconda (Snake:1)
  A naga ritualist (Snake:3)
  Pikel (D:8)
  A naga mage (Snake:4)
  A nameless horror (Snake:1)
  A lemure (D:8)
  25 foxfires
31 creatures vanquished.

Grand Total: 917 creatures vanquished

Notes
Turn   | Place    | Note
-------+----------+-------------------------------------------
     0 | D:1      | ragingrage the Djinni Artificer began the quest for the
                  | Orb.
     0 | D:1      | Reached XP level 1. HP: 17/17 MP: 0/0
   140 | D:1      | Reached XP level 2. HP: 19/23 MP: 0/0
   328 | D:1      | Reached XP level 3. HP: 25/29 MP: 0/0
   328 | D:1      | Learned a level 1 spell: Sting
   453 | D:1      | Reached skill level 1 in Stealth
   533 | D:1      | Found Sugesty's Weapon Emporium.
   912 | D:1      | Reached XP level 4. HP: 34/34 MP: 0/0
  1233 | D:2      | Reached skill level 1 in Spellcasting
  1233 | D:2      | Reached skill level 1 in Conjurations
  1233 | D:2      | Reached skill level 1 in Hexes
  1233 | D:2      | Reached skill level 1 in Summonings
  1233 | D:2      | Reached skill level 1 in Necromancy
  1233 | D:2      | Reached skill level 1 in Translocations
  1233 | D:2      | Reached skill level 1 in Fire Magic
  1233 | D:2      | Reached skill level 1 in Ice Magic
  1233 | D:2      | Reached skill level 1 in Air Magic
  1233 | D:2      | Reached skill level 1 in Earth Magic
  1233 | D:2      | Reached skill level 1 in Alchemy
  1405 | D:2      | Reached XP level 5. HP: 38/40 MP: 0/0
  1405 | D:2      | Learned a level 2 spell: Ensorcelled Hibernation
  1433 | D:2      | Found a broken altar of Ashenzari.
  1443 | D:2      | Became a worshipper of Ashenzari the Shackled
  1983 | D:3      | Reached XP level 6. HP: 26/46 MP: 0/0
  2277 | D:3      | Noticed Sigmund
  2297 | D:3      | Killed Sigmund
  2298 | D:3      | Reached XP level 7. HP: 38/50 MP: 0/0
  2298 | D:3      | Learned a level 3 spell: Call Canine Familiar
  2300 | D:3      | Identified the cursed +0 helmet "Per Aspera Ad Scientiam"
                  | {Bglg, Elem} (You found it on level 1 of the Dungeon)
  3185 | D:4      | Reached * piety under Ashenzari
  3192 | D:4      | Reached skill level 5 in Spellcasting
  3192 | D:4      | Reached skill level 5 in Conjurations
  3192 | D:4      | Reached skill level 5 in Hexes
  3192 | D:4      | Reached skill level 5 in Summonings
  3192 | D:4      | Reached skill level 5 in Necromancy
  3192 | D:4      | Reached skill level 5 in Translocations
  3192 | D:4      | Reached skill level 5 in Fire Magic
  3192 | D:4      | Reached skill level 5 in Ice Magic
  3192 | D:4      | Reached skill level 5 in Air Magic
  3192 | D:4      | Reached skill level 5 in Earth Magic
  3192 | D:4      | Reached skill level 5 in Alchemy
  3206 | D:4      | Found a staircase to the Ecumenical Temple.
  3375 | D:4      | Found a large runed translucent door.
  3375 | D:4      | Found a large runed translucent door.
  3379 | D:4      | Noticed Splishie's ghost (novice GnWn)
  3645 | D:5      | Entered Level 5 of the Dungeon
  3727 | D:5      | Reached XP level 8. HP: 52/56 MP: 0/0
  3764 | D:5      | Found a glowing golden altar of the Shining One.
  4821 | D:6      | HP: 2/56 [centaur (2)]
  5085 | D:6      | Reached XP level 9. HP: 27/60 MP: 0/0
  5085 | D:6      | Learned a level 4 spell: Cause Fear
  7464 | D:8      | Reached skill level 5 in Fighting
  7464 | D:8      | Reached XP level 10. HP: 32/70 MP: 0/0
  7476 | D:8      | Reached skill level 5 in Dodging
  7644 | D:8      | Noticed Pikel
  7699 | D:8      | Your ally Pikel died
  7776 | D:8      | Noticed Erica
  7781 | D:8      | Killed Erica
  7795 | D:8      | Found a flagged portal.
  7806 | Bailey   | Entered a bailey
  8419 | Bailey   | Noticed a gargoyle
  8850 | D:8      | Noticed a komodo dragon
  8866 | D:8      | HP: 3/72 [komodo dragon (19)]
  8871 | D:8      | Killed a komodo dragon
  8872 | D:8      | Reached skill level 10 in Spellcasting
  8872 | D:8      | Reached skill level 10 in Conjurations
  8872 | D:8      | Reached skill level 10 in Hexes
  8872 | D:8      | Reached skill level 10 in Summonings
  8872 | D:8      | Reached skill level 10 in Necromancy
  8872 | D:8      | Reached skill level 10 in Translocations
  8872 | D:8      | Reached skill level 10 in Fire Magic
  8872 | D:8      | Reached skill level 10 in Ice Magic
  8872 | D:8      | Reached skill level 10 in Air Magic
  8872 | D:8      | Reached skill level 10 in Earth Magic
  8872 | D:8      | Reached skill level 10 in Alchemy
  8872 | D:8      | Reached skill level 1 in Short Blades
  9228 | D:8      | Identified the +4 cloak of the Curupira {Int+5}
  9485 | D:8      | Found a staircase to the Lair.
  9704 | D:9      | Reached XP level 11. HP: 71/76 MP: 0/0
  9704 | D:9      | Learned a level 4 spell: Dispel Undead
 10508 | D:9      | Found a roughly hewn altar of Beogh.
 10508 | D:9      | Found a staircase to the Orcish Mines.
 10679 | D:9      | Found a large runed translucent door.
 10680 | D:9      | Found a large runed translucent door.
 10683 | D:9      | Noticed Rudyous's ghost (journeyman DsAl)
 11181 | D:9      | Reached ** piety under Ashenzari
 11390 | Lair:1   | Entered Level 1 of the Lair of Beasts
 11686 | Lair:1   | Reached skill level 5 in Short Blades
 12510 | Lair:2   | Noticed Amaemon
 12522 | Lair:2   | Noticed Sonja
 12522 | Lair:2   | Killed Amaemon
 12523 | Lair:2   | Sonja changed into Sonja the brain worm
 12523 | Lair:2   | Noticed Sonja
 12537 | Lair:2   | Reached XP level 12. HP: 60/85 MP: 0/0
 12537 | Lair:2   | Killed Sonja the brain worm
 12945 | Lair:2   | Reached *** piety under Ashenzari
 13272 | Lair:2   | Found a staircase to the Swamp.
 13272 | Lair:2   | Noticed a ghost crab
 13957 | Lair:3   | Reached skill level 10 in Short Blades
 14069 | Lair:3   | Reached XP level 13. HP: 65/96 MP: 0/0
 14069 | Lair:3   | Learned a level 5 spell: Summon Mana Viper
 14464 | Lair:3   | Found a staircase to the Snake Pit.
 14683 | Lair:4   | Found the ring of the Tortoise {AC+8}
 15030 | Lair:4   | Reached skill level 5 in Evocations
 15787 | Lair:4   | Reached XP level 14. HP: 102/103 MP: 0/0
 16289 | Lair:5   | Entered Level 5 of the Lair of Beasts
 16327 | Lair:5   | Found a viscous altar of Jiyva.
 16327 | Lair:5   | Found a staircase to the Slime Pits.
 17262 | Lair:5   | Reached skill level 10 in Fighting
 17701 | Lair:5   | Identified the +2 trident of Waommeus {flame, rC+ Str+3}
 17731 | Lair:5   | Identified the Quarto of Hyperthermia and Amathomancy
 17786 | Lair:5   | Reached XP level 15. HP: 106/113 MP: 0/0
 17786 | Lair:5   | Learned a level 6 spell: Dispersal
 18512 | Orc:1    | Entered Level 1 of the Orcish Mines
 18627 | Orc:2    | Entered Level 2 of the Orcish Mines
 18656 | Orc:2    | Found Jall's Antique Armour Emporium.
 18713 | Orc:2    | Noticed an orc warlord
 18730 | Orc:2    | Killed an orc warlord
 18985 | Orc:2    | Found a flickering gateway to a bazaar.
 19007 | Bazaar   | Entered a bazaar
 19007 | Bazaar   | Found Uxtacvol's Antique Weapon Emporium.
 19007 | Bazaar   | Found Mavahux's Book Emporium.
 19044 | Bazaar   | Found Xomion's Antique Armour Boutique.
 19060 | Bazaar   | Found Maidur's Magic Scroll Boutique.
 19082 | Bazaar   | Found Ywy Olyt's General Store.
 19090 | Bazaar   | Bought a potion of enlightenment for 60 gold pieces
 19138 | Bazaar   | Bought a pitted plate armour for 672 gold pieces
 19138 | Bazaar   | Identified the +10 plate armour of Eghumypn {rC++ Int+4}
                  | (You bought it in a shop in a bazaar)
 19138 | Bazaar   | Bought a twisted leather armour for 168 gold pieces
 19138 | Bazaar   | Identified the +3 leather armour of Larediro {Str+4 Dex+3
                  | Slay+3} (You bought it in a shop in a bazaar)
 19168 | Bazaar   | Bought a scroll of enchant armour for 127 gold pieces
 19168 | Bazaar   | Bought a scroll of fear for 68 gold pieces
 19508 | Orc:2    | Found Duum's General Store.
 19643 | Orc:2    | Found Baplox's Antique Weapon Boutique.
 19819 | Orc:2    | Found a staircase to the Elven Halls.
 19845 | Orc:2    | Found Turin's Book Boutique.
 20623 | D:10     | Entered Level 10 of the Dungeon
 20800 | D:10     | Found Popuneng's Antique Armour Shoppe.
 20954 | D:10     | Found a portal to a secret trove of treasure.
 21310 | D:11     | Noticed zewo's ghost (journeyman MDFi)
 21346 | D:11     | Found a runed translucent gate.
 21346 | D:11     | Found a runed translucent gate.
 21346 | D:11     | Found a runed translucent gate.
 21431 | D:11     | Noticed Erolcha
 21551 | D:11     | Killed Erolcha
 22462 | D:12     | Noticed a stone giant
 22462 | D:12     | Noticed Sobieck's ghost (journeyman OnFE)
 22465 | D:12     | Found a transporter.
 22466 | D:12     | Found a bloodstained altar of Trog.
 22537 | D:12     | Found a transporter.
 22645 | D:12     | Identified the +1 pair of gloves "Hepheew" {rElec Regen+
                  | Int+2}
 22808 | D:12     | Found Qorink's Weapon Boutique.
 23229 | D:13     | Noticed Kirke
 23330 | D:12     | Killed Kirke
 23753 | D:13     | Reached XP level 16. HP: 121/123 MP: 0/0
 24252 | D:13     | Found a gate to the Vaults.
 24569 | Orc:2    | Bought a shiny helmet for 180 gold pieces
 24802 | D:14     | Reached skill level 5 in Armour
 25364 | D:14     | Noticed Nessos
 25380 | D:14     | Killed Nessos
 25396 | D:14     | Found an iron altar of Okawaru.
 25622 | D:15     | Entered Level 15 of the Dungeon
 26256 | D:15     | Reached skill level 10 in Evocations
 26485 | D:15     | Found a staircase to the Depths.
 27265 | D:15     | Found a snail-covered altar of Cheibriados.
 27853 | Snake:1  | Entered Level 1 of the Snake Pit
 28730 | Snake:1  | Reached XP level 17. HP: 120/130 MP: 0/0
 28730 | Snake:1  | Learned a level 6 spell: Eringya's Noxious Bog
 28965 | Snake:1  | Noticed Frances
 28998 | Snake:1  | Killed Frances
 30115 | Snake:1  | Found Piorut's Jewellery Boutique.
 30116 | Snake:1  | Found Jiomugex's Book Shoppe.
 30117 | Snake:1  | Found Tideiss's Jewellery Boutique.
 30631 | Snake:2  | Found Ucibeafaet's General Store.
 30633 | Snake:2  | Found Toawiff's Weapon Boutique.
 30827 | Snake:2  | Found Erhuom's Specific Store.
 30835 | Snake:2  | Bought a condenser vane for 720 gold pieces
 30989 | Snake:2  | Reached skill level 1 in Long Blades
 32557 | Snake:3  | Found a transporter.
 33695 | Snake:3  | Found a transporter.
 33704 | Snake:3  | Identified the +5 long sword of Fury {flame, *Rage +Blink
                  | rPois}
 33705 | Snake:3  | Identified the -1 pair of boots of the Poles {rN+ Str-5
                  | Slay+2}
 33782 | Snake:3  | Noticed Vuushr Kima's ghost (adept DsNe)
 33864 | Snake:4  | Entered Level 4 of the Snake Pit
 34275 | Snake:4  | Reached XP level 18. HP: 107/138 MP: 0/0
 34749 | Snake:4  | Reached skill level 10 in Armour
 35986 | Snake:4  | Found a runed translucent gate.
 35986 | Snake:4  | Found a runed translucent gate.
 35986 | Snake:4  | Found a runed translucent gate.
 35989 | Snake:4  | Found an opulent altar of Gozag.
 35992 | Snake:4  | Noticed Vuushr Kima's ghost (adept DsNe)
 35995 | Snake:4  | Found Lipsuck's Assorted Antiques.
 36199 | Snake:4  | Got a serpentine rune of Zot
 36598 | D:4      | Killed Splishie's ghost
 36811 | D:9      | Killed Rudyous's ghost
 36974 | D:11     | Killed zewo's ghost
 37255 | D:12     | Killed Sobieck's ghost
 37619 | Swamp:1  | Entered Level 1 of the Swamp
 37619 | Swamp:1  | Identified the -1 kite shield of Temperance {^Drain rF++
                  | Str+5}
 37769 | Swamp:1  | HP: 6/139 [bunyip (5)]
 37769 | Swamp:1  | Slain by a bunyip

Illustrated notes

Levels and vault maps discovered:
D:1:      tarquinn_simple_flora_water_c, layout_loops_corners, serial_shops,
          shop
D:2:      layout_basic, basic_altar, chequers_serial_rivers_micro_a
D:3:      layout_loops_ring, minmay_surrounded, uniq_sigmund
D:4:      layout_rooms, minmay_temple_entry_enclosed_plants,
          ebering_ghost_disaster_area
D:5:      layout_loops_cross, amcnicky_altar_gilded, columned_hall_lemuel,
          guppyfry_early_lair_pool
D:6:      layout_cave_pods
D:7:      layout_basic
D:8:      layout_basic, grunt_lair_entry_orc_guard_hut, enter_bailey_2,
          uniq_pikel, uniq_erica
D:9:      layout_basic, david_orc_5, ebering_ghost_disaster_area,
          nrook_mini_backslash, chequers_decorated_corner, serial_bayou_lake_a
D:10:     layout_roguey, serial_shops, shop_statue,
          nicolae_trove_entry_crossroad
D:11:     layout_basic, maelrawn_ghost_gauntlet_escape, uniq_erolcha
D:12:     layout_cave_pods, gammafunk_ghost_wrathful_warriors, serial_shops,
          shop
D:13:     layout_gridville, hellmonk_vaults_order_and_chaos, uniq_kirke
D:14:     layout_roguey, okawaru_metal_pillars_1_2, uniq_nessos
D:15:     gammafunk_depths_entry_grave, layout_basic, cheibriados_altar_2
Lair:1:   layout_layer_cave
Lair:2:   layout_regular_city, nicolae_swamp_entry_spooky, minivault_26,
          uniq_amaemon, uniq_sonja
Lair:3:   layout_regular_city, alex1729_snake_entry_snake
Lair:4:   beast_lair_carwin_large_3, layout_misc_corridors
Lair:5:   gammafunk_lair_ancient_temple, layout_cave_pods, slime_entry_1,
          lemuel_fruit_fields
Swamp:1:  layout_basic_swamp, evilmike_swamp_ruin_house_3,
          infiniplex_staircase_pool_2
Snake:1:  nicolae_snake_hallway, layout_concentric_octagons, minmay_shop_grove,
          uniq_frances
Snake:2:  layout_chambers, serial_shops, nicolae_shop_bloodbath_and_beyond,
          nicolae_specific_store, serial_bayou_pond_d
Snake:3:  layout_misc_corridors, gammafunk_ghost_berserking_beasts, st_stairs_9
Snake:4:  snake_pit, layout_misc_corridors, ebering_ghost_gozag,
          chequers_hall_statues_y
Orc:1:    layout_caves, nicolae_orc_tapped_out
Orc:2:    grunt_orc_gardens, layout_caves, grunt_orc_garden, grunt_orc_garden,
          grunt_orc_garden, grunt_orc_garden, serial_shops, freezing_bzr

Skill      XL: |  1  2  3  4  5  6  7  8  9 10 11 12 13 14 15 16 17 18 |
---------------+-------------------------------------------------------+-----
Fighting       | 2 3 5 6 7 8 10 11 13 | 13.7
Stealth        | 1 2 4 |  4.0
Spellcasting   | 1 2 4 5 7 8 10 11 12 13 14 | 14.0
Conjurations   | 1 2 4 5 7 8 10 11 12 13 14 | 14.0
Hexes          | 1 2 4 5 7 8 10 11 12 13 14 | 14.0
Summonings     | 1 2 4 5 7 8 10 11 12 13 14 | 14.0
Necromancy     | 1 2 4 5 7 8 10 11 12 13 14 | 14.0
Translocations | 1 2 4 5 7 8 10 11 12 13 14 | 14.0
Fire Magic     | 1 2 4 5 7 8 10 11 12 13 14 | 14.0
Ice Magic      | 1 2 4 5 7 8 10 11 12 13 14 | 14.0
Air Magic      | 1 2 4 5 7 8 10 11 12 13 14 | 14.0
Earth Magic    | 1 2 4 5 7 8 10 11 12 13 14 | 14.0
Alchemy        | 1 2 4 5 7 8 10 11 12 13 14 | 14.0
Dodging        | 4 5 6 8 9 |  9.5
Short Blades   | 2 6 10 12 | 12.5
Evocations     | 4 6 8 9 10 12 | 12.5
Armour         | 4 7 9 12 | 12.5
Long Blades    | 3 |  3.7

Action                     |  1- 3 |  4- 6 |  7- 9 | 10-12 | 13-15 | 16-18 || total
---------------------------+-------+-------+-------+-------+-------+-------++-------
  Melee: Club              |    40 |       |       |       |       |       ||    40
         Dagger            |    50 |       |       |    52 |    56 |       ||   158
         Whip              |    13 |    79 |    72 |    45 |       |       ||   209
         Unarmed           |       |    15 |       |       |       |       ||    15
         Rapier            |       |       |       |   109 |  1020 |  1528 ||  2657
   Fire: Arbalest          |       |       |       |    85 |       |       ||    85
  Throw: Dart              |       |       |     2 |       |       |       ||     2
         Throwing net      |       |       |       |     1 |       |       ||     1
   Cast: Sting             |     9 |    43 |   199 |   166 |    43 |       ||   460
         Call Canine Famil |       |       |    24 |    54 |    14 |       ||    92
         Ensorcelled Hiber |       |       |       |    59 |    50 |     2 ||   111
         Cause Fear        |       |       |       |     2 |     3 |       ||     5
         Dispel Undead     |       |       |       |     2 |       |       ||     2
         Summon Mana Viper |       |       |       |       |   114 |   191 ||   305
         Dispersal         |       |       |       |       |     1 |     1 ||     2
         Eringya's Noxious |       |       |       |       |       |     2 ||     2
 Invoke: Curse Item        |       |     1 |     1 |     3 |       |     1 ||     6
         Shatter the Chain |       |       |     1 |       |       |     1 ||     2
  Evoke: Wand              |       |     5 |     1 |    15 |     5 |    25 ||    51
         Sack of spiders   |       |       |       |     1 |     1 |     1 ||     3
         Phial of floods   |       |       |       |     1 |       |       ||     1
         Lightning rod     |       |       |       |       |       |     7 ||     7
         Condenser vane    |       |       |       |       |       |     2 ||     2
    Use: Potion            |       |       |     1 |     1 |       |     3 ||     5
         Scroll            |       |       |       |     3 |     1 |     5 ||     9
   Stab: Sleeping          |     1 |       |       |    32 |    18 |     4 ||    55
         Betrayed ally     |       |     1 |       |       |     1 |       ||     2
         Distracted        |       |       |       |     3 |    14 |    20 ||    37
         Fleeing           |       |       |       |       |     1 |       ||     1
         Invisible         |       |       |       |       |       |     2 ||     2
 Armour: Leather armour    |    74 |    60 |   128 |       |   185 |   158 ||   605
         Skin              |       |     5 |       |       |       |       ||     5
         Steam dragon scal |       |       |     4 |    45 |       |       ||    49
         Troll leather arm |       |       |       |   148 |   373 |       ||   521
         Acid dragon scale |       |       |       |    22 |       |       ||    22
         Plate armour      |       |       |       |       |       |   899 ||   899
  Dodge: Dodged            |    92 |    70 |   102 |   163 |   684 |   535 ||  1646
  Block: Other             |       |       |    26 |    75 |   189 |   223 ||   513
         Reflection        |       |       |       |     2 |    11 |    25 ||    38

Table legend: (Time is in decaauts)
 A = Elapsed time spent in this place.
 B = Non-inter-level travel time spent in this place.
 C = Inter-level travel time spent in this place.
 D = Time resting spent in this place.
 E = Time spent auto-exploring this place.
 F = Levels seen in this place.
 G = Mean time per level.
                   A        B        C        D        E       F      G
               +--------+--------+--------+--------+--------+-----+--------+
         Total |  36597 |  33924 |   2673 |   6726 |  18483 |  29 | 1262.0 |
       Dungeon |  18452 |  17047 |   1405 |   2797 |  10731 |  15 | 1230.1 |
          Lair |   7165 |   6488 |    677 |   1170 |   3358 |   5 | 1433.0 |
         Swamp |    128 |    128 |      0 |      0 |     16 |   1 |  128.0 |
     Snake Pit |   8038 |   7648 |    390 |   2330 |   3374 |   4 | 2009.5 |
  Orcish Mines |   1869 |   1670 |    199 |    213 |    768 |   2 |  934.5 |
        Bazaar |    164 |    164 |      0 |      0 |     91 |   1 |  164.0 |
        Bailey |    779 |    779 |      0 |    216 |    145 |   1 |  779.0 |
               +--------+--------+--------+--------+--------+-----+--------+

Top non-repeatable levels by time:
 Snake:1: 2435 daAuts
 Snake:4: 1994 daAuts
 Snake:2: 1989 daAuts
    D:15: 1944 daAuts
     D:9: 1912 daAuts
  Lair:5: 1706 daAuts
     D:8: 1662 daAuts
 Snake:3: 1618 daAuts
  Lair:3: 1596 daAuts
  Lair:4: 1588 daAuts
     D:6: 1510 daAuts
   Orc:2: 1352 daAuts
    D:13: 1300 daAuts
    D:12: 1251 daAuts
     D:5: 1240 daAuts
